 Dungeon Crawl Stone Soup version 0.17.2-1-ge4368a0 (webtiles) character file.

77 Goblin1989 the Sneak (level 4, 0/44 HPs)
             Began as a Naga Wanderer on Dec 19, 2017.
             Slain by a rat (2 damage)
             ... on level 2 of the Dungeon on Dec 20, 2017.
             The game lasted 00:06:22 (2118 turns).

Goblin1989 the Sneak (Naga Wanderer)                Turns: 2118, Time: 00:06:23

Health: 0/44       AC:  3    Str: 15    XL:     4   Next: 34%
Magic:  4/4        EV: 10    Int: 11    God:
Gold:   70         SH:  0    Dex: 12    Spells: 0 memorised, 3 levels left

rFire  . . .     SeeInvis +     b - +0 falchion
rCold  . . .     Clarity  .     f - +0 robe
rNeg   . . .     SustAt   .     (no shield)
rPois  +         Gourm    .     (no helmet)
rElec  .         Spirit   .     k - +0 cloak
rCorr  .         Warding  .     (no gloves)
rMut   .         Stasis   .     (no barding)
MR     .....                    (no amulet)
Stlth  +++.......               (no ring)
                                (no ring)

@: short of breath, very slow, not resistant to hostile enchantments, fairly
stealthy
A: see invisible, deformed body, poison resistance, slowness 2, slow metabolism
1, spit poison 2, AC +1
a: Spit Poison


You were on level 2 of the Dungeon.
You were not hungry.

You visited 1 branch of the dungeon, and saw 2 of its levels.

You collected 70 gold pieces.

Inventory:

Hand Weapons
 a - a +2 dagger
 b - a +0 falchion (weapon)
 g - a +0 whip
Missiles
 h - 26 stones (quivered)
 i - 28 poisoned needles
Armour
 f - a +0 robe (worn)
 k - a +0 cloak (worn)
Scrolls
 c - 3 scrolls of fear
 j - a scroll of magic mapping {unknown}
 m - a scroll of enchant armour {unknown}
 n - a scroll of fog {unknown}
 o - a scroll of remove curse {unknown}
 q - a scroll of enchant weapon {unknown}
Potions
 d - a potion of lignification
 l - a potion of curing {@q1}
 p - a potion of heal wounds {unknown}
Comestibles
 e - 2 bread rations {@e1}


   Skills:
 + Level 3.8 Fighting
 - Level 2.0 Long Blades
   Level 1.0 Staves
 + Level 2.4 Dodging
 - Level 5.8 Stealth


You had 3 spell levels left.
You didn't know any spells.

Dungeon Overview and Level Annotations

Branches:
Dungeon (2/15)

Altars:


Innate Abilities, Weirdness & Mutations

You cannot wear boots.
Your serpentine skin is tough (AC +1).
You have supernaturally acute eyesight.
Armour fits poorly on your strangely shaped body.
Your system is resistant to poisons.
You cover ground very slowly.
You have a slow metabolism.
You can spit poison.


Message History

The giant cockroach barely misses you.
You hit the giant cockroach.
You kill the giant cockroach!
The gnoll shouts!
You see here a spear.
Health restored: 44
Press: ? - help, Shift-Dir - straight line, f - gnoll
Aim: a gnoll, wielding a halberd The splash of poison hits the gnoll.
The gnoll is poisoned.
The gnoll is moderately wounded.
You feel slightly more hungry.
The gnoll shouts!
The gnoll barely misses you.
The gnoll throws a stone.
The stone closely misses you. The gnoll hits you with a halberd!
You take 9 damage, and have 35/44 hp.
O_OOPS!!
MASSIVE DAMAGE!!
The goblin shouts!
You hit the gnoll.
The gnoll is almost dead.
You kill the gnoll!
The gnoll throws a stone.
The stone barely misses you.
The gnoll throws a stone.
The stone closely misses you.
Unknown command.
The gnoll drinks a potion.
The gnoll suddenly seems more resistant.
The gnoll throws a stone.
The stone misses you. The gnoll barely misses you.
You barely miss the gnoll.
You have got your breath back.
The gnoll throws a stone.
The stone hits you. The gnoll hits you with a whip.
You take 10 damage, and have 26/44 hp.
O_OOPS!!
MASSIVE DAMAGE!!
You hit the gnoll but do no damage.
The gnoll throws a stone.
The stone hits you. The gnoll hits you with a whip.
* * * LOW HITPOINT WARNING * * *
The goblin closely misses you.
A bat and a rat come into view.
You take 8 damage, and have 18/44 hp.
You hit the gnoll.
The gnoll is lightly wounded.
The gnoll completely misses you. The goblin barely misses you.
The gnoll barely misses you.
Unknown command.
Press: ? - help, Shift-Dir - straight line, f - gnoll
Aim: a gnoll, wielding a flail The splash of poison hits the gnoll.
The gnoll is poisoned.
The gnoll is heavily wounded.
You feel slightly more hungry. The gnoll hits you with a whip.
* * * LOW HITPOINT WARNING * * *
The goblin hits you but does no damage. The gnoll hits you with a flail!
* * * LOW HITPOINT WARNING * * *
You take 10 damage, and have 8/44 hp.
O_OOPS!!
MASSIVE DAMAGE!!
Drink which item? (? for menu, Esc to quit)
It was a potion of curing.
You feel better. The bat hits you but does no damage. The bat hits you.
* * * LOW HITPOINT WARNING * * *
The gnoll hits you but does no damage. The goblin hits you with a dagger.
* * * LOW HITPOINT WARNING * * *
You regained 2 hp, and now have 10/44 hp.
You hit the gnoll.
The gnoll is moderately wounded.
The bat hits you but does no damage. x2
The gnoll hits you but does no damage. The goblin hits you but does no damage.
The gnoll hits you with a whip.
* * * LOW HITPOINT WARNING * * *
The bat hits you.
* * * LOW HITPOINT WARNING * * *
You take 7 damage, and have 3/44 hp.
Drink which item? (? for menu, Esc to quit)
You feel better.
You have got your breath back.
The gnoll looks more healthy.
The bat closely misses you. The goblin hits you but does no damage.
The gnoll hits you but does no damage. The gnoll hits you with a whip.
* * * LOW HITPOINT WARNING * * *
You regained 10 hp, and now have 13/44 hp.
You hit the gnoll.
The gnoll is heavily wounded.
The bat barely misses you. The goblin hits you but does no damage.
The gnoll closely misses you. The gnoll completely misses you.
The goblin closely misses you.
Unknown command.
Press: ? - help, Shift-Dir - straight line, f - gnoll, p - gnoll
Aim: a gnoll, wielding a whip (heavily wounded, unusually resistant)
The splash of poison hits the gnoll.
The gnoll is heavily wounded.
You feel slightly more hungry. The bat hits you.
* * * LOW HITPOINT WARNING * * *
The gnoll hits you with a whip.
* * * LOW HITPOINT WARNING * * *
The gnoll hits you with a flail.
* * * LOW HITPOINT WARNING * * *
The goblin hits you with a dagger.
* * * LOW HITPOINT WARNING * * *
You take 10 damage, and have 3/44 hp.
O_OOPS!!
MASSIVE DAMAGE!!
Unknown command.
You hit the gnoll.
The gnoll is almost dead.
The bat closely misses you. The rat bites you but does no damage.
The gnoll barely misses you. The gnoll hits you with a flail.
* * * LOW HITPOINT WARNING * * *
The goblin hits you but does no damage. The rat bites you.
You die...

.███..███......██████
..███....████.......█ ..█
██....█ █.......█
...███....████).....█
....█............)..█
.[...█....███......██
█..█.█..........)...█
█....)...████..gg..██
█..██..... █..r@.(█
........█. █....g....█ █
..█.. . █.█.b........
.█....................█
██..... .................
.......██....█.....(....█
.......█............█.█.█
.......█.......█......█
.$.....█>........█


You could see 2 gnolls, a goblin, a bat and a rat.

Vanquished Creatures
  An adder (D:2)
  A gnoll (D:2)
  An ooze (D:1)
  2 giant geckos
  5 bats
  5 giant cockroaches
  6 hobgoblins
  5 jackals (D:1)
  9 kobolds
  2 giant newts (D:1)
  8 goblins
  6 rats (D:1)
51 creatures vanquished.

Notes
Turn   | Place    | Note
--------------------------------------------------------------
     0 | D:1      | Goblin1989 the Naga Wanderer began the quest for the Orb.
     0 | D:1      | Goblin1989 set off with: a +2 dagger, a scroll of fear, a +0 falchion, a potion of lignification, a bread ration {@e1}, a +0 robe
     0 | D:1      | Reached XP level 1. HP: 21/21 MP: 1/1
   253 | D:1      | Reached XP level 2. HP: 28/28 MP: 2/2
   408 | D:1      | Reached skill level 1 in Dodging
   815 | D:1      | Reached XP level 3. HP: 29/34 MP: 3/3
  1954 | D:2      | Reached XP level 4. HP: 29/44 MP: 4/4
  2118 | D:2      | HP: 2/44 [gnoll/flail (1)]
  2118 | D:2      | Slain by a rat

Action                   |  1- 3 |  4- 6 || total
-------------------------+-------+-------++-------
Melee: Falchion          |   126 |    10 ||   136
 Abil: Spit Poison       |    10 |     5 ||    15
  Use: Potion            |       |     2 ||     2
 Stab: Sleeping          |     8 |       ||     8
  Eat: Chunk             |     3 |       ||     3

Vault maps used:
D:1:      dpeg_arrival_rooms_c
D:2:      tgw_fedhas
